 Dungeon Crawl Stone Soup version 0.29.1-15-g9cfb28693d (webtiles) character file.

Game seed: 2402312657666406743

7 nickaroo1289 the Grave Robber (level 2, -1/20 HPs)
             Began as a Ghoul Necromancer on Mar 15, 2023.
             Slain by a gnoll
             ... wielding a +0 flail
              (4 damage)
             ... on level 1 of the Dungeon.
             The game lasted 00:02:36 (488 turns).

nickaroo1289 the Grave Robber (Ghoul Necromancer)    Turns: 488, Time: 00:02:37

Health: -1/20      AC:  3    Str: 11    XL:     2   Next: 0%
Magic:  0/3        EV: 11    Int: 10    God:
Gold:   17         SH:  0    Dex:  9    Spells: 3/4 levels left

rFire   . . .      SeeInvis .   d - +0 hand axe (venom)
rCold   + . .      Faith    .   (no shield)
rNeg    + + +      Spirit   .   h - +0 leather armour
rPois   ∞          Reflect  .   (no helmet)
rElec   .          Harm     .   (no cloak)
rCorr   .          Rampage  .   (no gloves)
Will    .....                   (no boots)
Stlth   +.........              (no amulet)
HPRegen 0.00/turn               (no ring)
MPRegen 0.08/turn               (no ring)

@: inhibited regen
A: claws 1, cold resistance 1, negative energy resistance 3, inhibited
regeneration, torment resistance 2, devour on kill
a: no special abilities


You were on level 1 of the Dungeon.
You visited 1 branch of the dungeon, and saw 1 of its levels.

You collected 17 gold pieces.

Inventory:

Hand Weapons
 d - a +0 hand axe of venom (weapon)
 f - a +3 short sword of electrocution
Missiles
 g - 4 stones
Armour
 a - a +0 robe
 h - a +0 leather armour (worn)
Scrolls
 e - a scroll of fog {unknown}
Potions
 b - a potion of magic
 c - a potion of curing {unknown}
 i - a potion of might {unknown}


   Skills:
 + Level 1.9 Dodging
 - Level 2.2 Stealth
 + Level 1.7 Spellcasting
 + Level 4.2 Necromancy


You had 3 spell levels left.
You knew the following spells:

 Your Spells              Type           Power      Damage    Failure   Level
a - Necrotise             Necr           36%        1d5       8%          1

Your spell library contained the following spells:

 Spells                   Type           Power      Damage    Failure   Level
 Vampiric Draining        Necr           9%         2d6       22%         3
 Animate Dead             Necr           9%         N/A       58%         4
 Agony                    Necr           9%         N/A       90%         5


Dungeon Overview and Level Annotations

Branches:
Dungeon (1/15)

Altars:


Innate Abilities, Weirdness & Mutations

You are immune to poison.
You have sharp fingernails.
Your flesh is cold resistant. (rC+)
You are immune to negative energy. (rN+++)
You do not regenerate when monsters are visible.
You are immune to unholy pain and torment.
You thrive by killing the living.


Message History

You kill the endoplasm!
A gnoll and a rat come into view.
An endoplasm comes into view.
The gnoll shouts!
You closely miss the rat. The rat closely misses you.
The endoplasm hits the plant.
The plant begins to die.
You closely miss the rat. The rat completely misses you.
The endoplasm hits the plant.
The plant begins to die.
The rat barely misses you.
Aiming: Necrotise (safe; 8% risk of failure)
Press: ? - help, Q - select action, (/) - cycle Shift-Dir - straight line, f - rat
Aim: a rat (chance to affect: 76%)
The rat writhes in agony.
You kill the rat!
The dead are walking!
The endoplasm splashes around in the water.
A ball python comes into view.
You have reached level 2!
Something hits the plant.
You hear a splashing noise.
The gnoll attacks as you move away! The gnoll hits you with a +0 flail.
The ball python bites your rat skeleton.
The ball python grabs your rat skeleton.
The ball python constricts your rat skeleton.
Your rat skeleton barely misses the ball python.
The ball python completely misses your rat skeleton.
The ball python constricts your rat skeleton.
Your rat skeleton bites the ball python.
Aiming: Necrotise (safe; 8% risk of failure)
Press: ? - help, Q - select action, (/) - cycle Shift-Dir - straight line, f - gnoll
Aim: a gnoll, wielding a +0 flail (chance to affect: 69%)
The gnoll writhes in agony.
The ball python bites your rat skeleton.
Your rat skeleton is destroyed!
The gnoll hits you with a +0 flail!
Ouch! That really hurt!
* * * LOW HITPOINT WARNING * * *
The gnoll completely misses you. The gnoll attacks as you move away!
The gnoll hits you with a +0 flail.
You die... ~~P.P ########## ~♣P~P #........# P~~~≈ #........# PPP.

#........# #..#
#........# ##..#
#......@g####...###
####.##....S......#
#.###.....#J.#.#
#.# #.#####..PP~
###.###.# .P.P~~~
#.......# ~~~~♣~P
#.#.#####


P~PPPPP #.#.# ~~PJPP# #.#.# ~PPP.## You could see a gnoll, an endoplasm and a
ball python.

Vanquished Creatures
  An endoplasm (D:1)
  A goblin (D:1)
  A kobold (D:1)
  A bat (D:1)
  2 frilled lizards (D:1)
  A rat (D:1)
7 creatures vanquished.

Vanquished Creatures (others)
  2 plants (D:1)
2 creatures vanquished.

Grand Total: 9 creatures vanquished

Notes
Turn   | Place    | Note
-------+----------+-------------------------------------------
     0 | D:1      | nickaroo1289 the Ghoul Necromancer began the quest for the
                  | Orb.
     0 | D:1      | Reached XP level 1. HP: 14/14 MP: 2/2
   480 | D:1      | Reached XP level 2. HP: 20/20 MP: 1/3
   488 | D:1      | Slain by a gnoll

Illustrated notes

Levels and vault maps discovered:
D:1:      minmay_arrival_five_plusses, layout_rooms, serial_bayou_lagoon_a

Action                   || total
-------------------------++-------
Melee: Hand axe          ||     9
 Cast: Necrotise         ||     8
Armor: Robe              ||     2
Dodge: Dodged            ||    22
